AoeStats
← BOMBERONE

African Clearing

510624899Analyzed
3v3 RM · 2d ago on Oct 1, 2026· 61m 24s· 6 players
Game mode
Random Map
Map size
Normal (6 player)
Population
200
Speed
Normal
Resources
Standard
Victory
Conquest
Starting age
Dark Age
Ending age
Imperial Age
RankedLock teamsTeams togetherTeam positionsShared explorationLock speedFull tech treeHidden civsTurbo modeCheats
Victory
Defeat
🇻🇪 Spanish · Venezuela
1030
+14
🇩🇪 Mongols · Germany
1026
+14
🇵🇪 Aztecs · Peru
982
+17
🇮🇹 Italians · Italy
1000
-45
🇸🇪 Magyars · Sweden
993
-15
🇪🇸 Japanese · Spain
980
-15
Gautier Sans-Avoir
11:28 Loom
14:42 Feudal Age
15:25 Double-Bit Axe
18:52 Scale Barding Armor
22:50 Castle Age
20:52 Fletching
21:16 Stone Mining
21:18 Gold Mining
22:37 Padded Archer Armor
23:10 Bloodlines
23:03 Light Cavalry
23:46 Husbandry
25:10 Wheelbarrow
24:22 Horse Collar
25:10 Chain Barding Armor
30:33 Heavy Plow
32:40 Hand Cart
32:38 Bodkin Arrow
32:34 Town Watch
34:20 Ballistics
35:31 Masonry
36:52 Corvinian Army
38:12 Gold Shaft Mining
40:52 Imperial Age
43:36 Chemistry
43:26 Plate Barding Armor
42:55 Bracer
43:33 Plate Barding Armor
46:18 Thumb Ring
45:35 Heavy Cavalry Archer
46:41 Parthian Tactics
46:51 Conscription
47:07 Hoardings
50:45 Bow Saw
52:15 Leather Archer Armor
53:45 Elite Magyar Huszar
56:01 Two-Man Saw
55:39 Ring Archer Armor
BOMBERONE
16:14 Feudal Age
17:59 Wheelbarrow
17:25 Loom
17:30 Double-Bit Axe
17:40 Gold Mining
17:42 Stone Mining
17:37 Man-at-Arms
18:24 Horse Collar
48:13 Castle Age
49:30 Castle Age
50:17 Crossbowman
51:33 Heavy Plow
51:40 Caravan
52:16 Bow Saw
53:17 Elite Skirmisher
55:39 Stone Shaft Mining
58:45 Forging
Carone
13:34 Feudal Age
12:47 Loom
14:06 Double-Bit Axe
19:14 Castle Age
20:11 Bow Saw
21:23 Loom
22:47 Wheelbarrow
24:58 Horse Collar
29:40 Hand Cart
29:13 Town Watch
30:00 Heavy Plow
34:04 Imperial Age
33:02 Squires
34:09 Gold Mining
34:42 Scale Mail Armor
34:48 Town Patrol
35:08 Forging
35:29 Conscription
36:29 Chain Mail Armor
35:38 Elite Samurai
37:38 Two-Man Saw
37:36 Iron Casting
39:48 Blast Furnace
39:18 Plate Mail Armor
40:27 Gold Shaft Mining
41:01 Onager
45:00 Stone Mining
54:17 Fletching
56:58 Pikeman
58:45 Bodkin Arrow
59:49 Bracer
Mojojoto
11:33 Loom
13:50 Feudal Age
14:37 Double-Bit Axe
14:36 Horse Collar
17:24 Wheelbarrow
21:22 Castle Age
21:07 Stone Mining
23:23 Hand Cart
25:50 Padded Archer Armor
26:04 Bloodlines
28:00 Heavy Plow
29:07 Husbandry
30:28 Leather Archer Armor
36:32 Imperial Age
37:08 Light Cavalry
37:57 Scale Barding Armor
38:03 Forging
37:44 Fletching
39:44 Chemistry
39:10 Ballistics
38:46 Murder Holes
39:02 Masonry
39:19 Chain Barding Armor
40:06 Iron Casting
39:24 Elite Conquistador
41:38 Plate Barding Armor
44:32 Conscription
45:16 Blast Furnace
44:12 Bodkin Arrow
44:51 Ring Archer Armor
48:17 Cavalier
48:57 Bodkin Arrow
49:23 Paladin
55:22 Bracer
marshall_o18
5:12 Loom
14:50 Feudal Age
19:55 Castle Age
19:38 Man-at-Arms
21:23 Scale Mail Armor
26:14 Pikeman
35:54 Forging
35:59 Chain Mail Armor
40:30 Double-Bit Axe
41:48 Long Swordsman
47:44 Iron Casting
47:39 Squires
47:25 Gambesons
51:11 Town Watch
59:20 Imperial Age
61:18 Elite Jaguar Warrior
Jägermeister
5:39 Loom
12:16 Feudal Age
14:36 Double-Bit Axe
19:21 Castle Age
18:02 Horse Collar
19:23 Forging
19:41 Light Cavalry
21:57 Husbandry
25:08 Scale Barding Armor
28:05 Bow Saw
30:32 Wheelbarrow
30:12 Bloodlines
30:30 Heavy Plow
31:51 Iron Casting
35:56 Imperial Age
33:43 Hand Cart
33:52 Gold Mining
34:56 Chain Barding Armor
35:33 Fervor
35:19 Stone Mining
35:28 Fletching
35:39 Padded Archer Armor
36:32 Bodkin Arrow
37:17 Ballistics
37:07 Thumb Ring
37:27 Parthian Tactics
37:30 Conscription
39:08 Elite Mangudai
40:54 Gold Shaft Mining
40:23 Bracer
40:43 Leather Archer Armor
41:43 Chemistry
41:37 Drill
41:53 Heavy Cavalry Archer
43:40 Murder Holes
45:14 Town Watch
50:00 Nomads
53:22 Heavy Camel Rider
54:35 Hussar
56:19 Masonry
56:18 Siege Engineers
Connection lost

Rejoining the realm…

Still unreachable

The connection could not be restored.

Session expired

The server has moved on; the page needs a fresh start.